 Dungeon Crawl Stone Soup version 0.28-a0-119-ga52ba8600a (webtiles) character file.

Game seed: 15448856315963369965

518 thescarp the Cudgeller (level 7, 0/43 HPs)
             Began as a Gargoyle Monk on Aug 13, 2021.
             Was a Believer of Uskayaw.
             Slain by a hound (4 damage)
             ... on level 5 of the Dungeon.
             The game lasted 01:17:38 (5999 turns).

thescarp the Cudgeller (Gargoyle Monk)              Turns: 5999, Time: 01:17:39

Health: 0/43       AC: 10    Str: 14    XL:     7   Next: 21%
Magic:  3/7        EV: 11    Int: 11    God:    Uskayaw [**....]
Gold:   63         SH:  0    Dex: 14    Spells: 6/6 levels left

rFire   . . .      SeeInvis .   M - +0 war axe
rCold   . . .      Faith    +   (no shield)
rNeg    + . .      Spirit   .   g - +0 ring mail
rPois   ∞          Reflect  .   (no helmet)
rElec   +          Harm     .   J - scarf {repulsion}
rCorr   .          Rampage  .   (no gloves)
Will    .....                   (no boots)
Stlth   ++........              x - amulet of faith
HPRegen 0.14/turn               (no ring)
MPRegen 0.10/turn               (no ring)

@: repel missiles
A: sickness immunity, AC +4, negative energy resistance 1, electricity
resistance, torment resistance 1, petrification resistance
a: Renounce Religion, Stomp, Line Pass


You were on level 5 of the Dungeon.
You worshipped Uskayaw.
Uskayaw was noncommittal.
You visited 1 branch of the dungeon, and saw 5 of its levels.

You collected 111 gold pieces.
You spent 48 gold pieces at shops.

Inventory:

Hand Weapons
 a - a +0 mace
 d - a +0 short sword
 h - a +0 rapier
 l - a +1 short sword of protection
 s - a +0 dagger
 u - a +0 hand axe
 z - a +0 flail
 F - a +0 trident
 I - a +0 falchion
 L - a +0 spear
 M - a +0 war axe (weapon)
Missiles
 c - 5 large rocks
 e - 14 poisoned darts (quivered)
 f - 130 stones
 t - 52 arrows
 y - 18 bolts
 B - 10 sling bullets
Armour
 b - a +0 robe
 g - a +0 ring mail (worn)
 i - a +0 leather armour
 k - a +0 robe
 o - a +0 ring mail
 r - a +0 ring mail
 A - a +0 robe
 J - a scarf of repulsion (worn)
Jewellery
 x - an amulet of faith (around neck)
Wands
 q - a wand of polymorph (8)
 H - a wand of iceblast (7)
Scrolls
 v - 2 scrolls of amnesia
 w - a scroll of fog
 D - 2 scrolls of magic mapping
 E - a scroll of noise {unknown}
 G - a scroll of holy word {unknown}
Potions
 j - a potion of flight {unknown}
 m - a potion of mutation {unknown}
 n - a potion of might {unknown}
 p - a potion of invisibility {unknown}
 C - a potion of haste {unknown}
 K - 2 potions of attraction


   Skills:
 + Level 4.1 Fighting
 + Level 1.4(3.1) Axes
 + Level 4.7(4.9) Maces & Flails
 + Level 2.5 Throwing
 + Level 3.8 Armour
 + Level 3.0 Dodging
 + Level 2.9 Stealth


You had 6 spell levels left.
You didn't know any spells.
Your spell library was empty.

Dungeon Overview and Level Annotations

Branches:
Dungeon (5/15)
 Temple: D:4-7

Altars:
Uskayaw

Shops:
D:3 ?


Innate Abilities, Weirdness & Mutations

You are immune to sickness and miasma.
Your stone body is resilient. (AC +4)
You are immune to poison.
You resist negative energy. (rN+)
You are resistant to electric shocks. (rElec)
You are resistant to unholy torment.
You are immune to petrification.


Message History

The orc warrior misses you.
You slash the iguana!
You kill the iguana!
You hit something but do no damage.
You hit the orc warrior but do no damage.
You closely miss the white imp. The white imp gestures at you.
The puff of frost hits you! The hound bites you but does no damage.
The orc warrior hits you with a +0 short sword!
* * * LOW HITPOINT WARNING * * *
Something barely misses you. The white imp misses you.
Uskayaw will force your foes to helplessly watch your dance.
Uskayaw prepares the audience for your solo!
Aiming: Line Pass
Press: ? - help, Dir - move target The hound appears confused.
The orc appears confused.
The white imp is no longer paralysed.
The hound is no longer paralysed.
The orc warrior is no longer paralysed.
The hound barely misses the orc warrior.
The hound bites the orc.
The orc is killed!
The hound closely misses the white imp.
The hound seems less confused.
The hound pauses to sniff the ground.
You are too injured to fight recklessly!
You hit the hound but do no damage. The hound barely misses you.
The hound bites you but does no damage.
The orc warrior hits you with a +0 short sword.
* * * LOW HITPOINT WARNING * * *
You closely miss the hound. You hit the orc warrior.
You closely miss something. The hound bites you but does no damage.
Something hits you but does no damage.
Deactivating autopickup; reactivate with Ctrl-A.
The orc warrior hits you but does no damage.
The hound bites you.
* * * LOW HITPOINT WARNING * * *
Something hits you but does no damage.
There is a stone staircase leading up here.
The hound bites you.
You die...

###########
#..)†.....# ###
#.........#
.....###o5.......#
.......@h........#
.....##..........#
.(. #..........# )
..............
########...... ..#
..


You could see an orc warrior, a hound and a white imp.

Vanquished Creatures
  2 necrophages
  2 hounds
  A jelly (D:4)
  Jessica (D:2)
  An iguana (D:5)
  Natasha (twice) (D:4)
  2 hound skeletons (D:4)
  4 adders
  2 worms
  A dart slug (D:2)
  3 orcs
  3 endoplasms
  3 giant cockroaches
  6 goblins
  5 hobgoblins
  3 jackals (D:1)
  2 quokkas
  9 ball pythons
  6 bats
  3 frilled lizards (D:1)
  7 kobolds
  21 rats
89 creatures vanquished.

Notes
Turn   | Place    | Note
-------+----------+-------------------------------------------
     0 | D:1      | thescarp the Gargoyle Monk began the quest for the Orb.
     0 | D:1      | Reached XP level 1. HP: 14/14 MP: 1/1
   265 | D:1      | Reached XP level 2. HP: 19/19 MP: 2/2
   640 | D:1      | Reached XP level 3. HP: 23/23 MP: 3/3
  1007 | D:1      | Found a faded altar of an unknown god.
  1015 | D:1      | Became a worshipper of Uskayaw the Reveller
  1015 | D:1      | Reached * piety under Uskayaw
  1015 | D:1      | Reached ** piety under Uskayaw
  2669 | D:2      | Noticed Jessica
  2677 | D:2      | Killed Jessica
  2678 | D:2      | Reached skill level 1 in Throwing
  2678 | D:2      | Reached XP level 4. HP: 23/29 MP: 0/4
  2873 | D:3      | Noticed a necrophage
  2881 | D:3      | Reached *** piety under Uskayaw
  2887 | D:3      | Killed a necrophage
  2888 | D:3      | Reached skill level 1 in Armour
  2888 | D:3      | Reached XP level 5. HP: 22/33 MP: 0/5
  3528 | D:3      | Reached XP level 6. HP: 21/38 MP: 6/6
  3680 | D:3      | Found Nianaheb's Magic Scroll Boutique.
  3701 | D:3      | Bought a scroll of identify for 24 gold pieces
  3701 | D:3      | Bought a scroll of identify for 24 gold pieces
  3911 | D:4      | Noticed a necrophage
  3929 | D:4      | Reached **** piety under Uskayaw
  3934 | D:4      | Noticed Natasha
  3935 | D:4      | Killed a necrophage
  4568 | D:4      | Reached skill level 1 in Axes
  4651 | D:4      | Killed Natasha
  4821 | D:4      | Reached XP level 7. HP: 39/43 MP: 7/7
  5832 | D:4      | Noticed Natasha
  5846 | D:4      | Killed Natasha
  5974 | D:5      | Entered Level 5 of the Dungeon
  5999 | D:5      | Slain by a hound

Illustrated notes

Levels and vault maps discovered:
D:1:      grunt_arrival_lava_bath, layout_loops_cross,
          chequers_ecumenical_altar_grove
D:2:      layout_rooms, minmay_heptomino_l4, uniq_jessica
D:3:      layout_loops_ring, serial_shops,
          nicolae_shop_competitors_out_of_business
D:4:      layout_loops_cross, kennysheep_big_empty_room, minmay_rat_hole,
          uniq_natasha
D:5:      layout_rooms, lemuel_crystal_altar

Skill      XL: |  1  2  3  4  5  6 |
---------------+-------------------+-----
Maces & Flails | 4 |  4.7
Throwing       | 1 2 |  2.5
Armour         | 1 2 3 |  3.8
Fighting       | 4 |  4.1
Axes           | 1 |  1.4
Dodging        | 3 |  3.0
Stealth        | |  2.9

Action                   |  1- 3 |  4- 6 |  7- 9 || total
-------------------------+-------+-------+-------++-------
Melee: Mace              |   124 |    24 |       ||   148
       Hand axe          |       |   113 |    27 ||   140
       War axe           |       |       |    20 ||    20
Throw: Stone             |    75 |    20 |       ||    95
       Dart              |       |    43 |     6 ||    49
Invok: Stomp             |     1 |     2 |       ||     3
       Line Pass         |       |     2 |     1 ||     3
Evoke: Wand              |       |     1 |       ||     1
  Use: Scroll            |       |     7 |     1 ||     8
       Potion            |       |     3 |       ||     3
 Stab: Paralysed         |       |     3 |       ||     3
       Distracted        |       |       |     1 ||     1
Armor: Ring mail         |    49 |    69 |    28 ||   146
       Robe              |     1 |       |       ||     1
Dodge: Dodged            |    73 |    91 |    28 ||   192

Table legend: (Time is in decaauts)
 A = Elapsed time spent in this place.
 B = Non-inter-level travel time spent in this place.
 C = Inter-level travel time spent in this place.
 D = Time resting spent in this place.
 E = Time spent auto-exploring this place.
 F = Levels seen in this place.
 G = Mean time per level.
                   A        B        C        D        E       F      G
               +--------+--------+--------+--------+--------+-----+--------+
         Total |   6087 |   6085 |      2 |   1787 |      0 |   5 | 1217.4 |
       Dungeon |   6087 |   6085 |      2 |   1787 |      0 |   5 | 1217.4 |
               +--------+--------+--------+--------+--------+-----+--------+

Top non-repeatable levels by time:
     D:1: 2109 daAuts
     D:4: 1864 daAuts
     D:3: 1311 daAuts
     D:2: 774 daAuts
     D:5: 27 daAuts
